 Dungeon Crawl Stone Soup version 0.31-a0-1616-gbeaec30b81 (webtiles) character file.

Game seed: 11698110268330569767

486 yokelz the Firebug (level 6, -15/37 HPs)
             Began as a Deep Elf Fire Elementalist on Jan 10, 2024.
             Was a Follower of Ashenzari.
             Demolished by a sleepcap (19 damage)
             ... on level 4 of the Dungeon.
             The game lasted 00:13:53 (3947 turns).

yokelz the Firebug (Deep Elf Fire Elementalist)     Turns: 3947, Time: 00:13:54

Health: -15/37     AC:  4    Str:  5    XL:     6   Next: 89%
Magic:  2/15       EV:  2    Int: 22    God:    Ashenzari [*.....]
Gold:   222        SH:  0    Dex: 15    Spells: 11/14 levels left

rFire   . . .        g - +0 dagger of the Sublime Augur {speed, Cun, Sorc} (curse)
rCold   + . .        j - +0 buckler "Affliction of Ashenzari" {Self, Dev} (curse)
rNeg    . . .        v - +1 leather armour {rPois}
rPois   +            (no helmet)
rElec   .            (no cloak)
rCorr   .            (no gloves)
SInv    .            (no boots)
Will    .....        (no amulet)
Stlth   ++           d - ring of protection from cold
HPRegen 0.26/turn    (no ring)
MPRegen 0.14/turn

%: no passive effects
@: sleeping, very slightly contaminated
A: no striking features
a: Renounce Religion, Curse Item, Shatter the Chains


You were on level 4 of the Dungeon.
You worshipped Ashenzari.
Ashenzari was aware of your devotion.
You visited 1 branch of the dungeon, and saw 5 of its levels.

You collected 222 gold pieces.

Inventory:

Hand Weapons
 g - the cursed +0 dagger of the Sublime Augur (weapon) {speed, Cun, Sorc}
   (You took it off a goblin on level 1 of the Dungeon)

   It has a curse which improves the following skills: Cunning: Dodging and
   Stealth.
   Sorcery:   Conjurations and Alchemy.
 p - a +0 long sword
Armour
 a - a +0 robe
 j - the cursed +0 buckler "Affliction of Ashenzari" (worn) {Self, Dev}
   (You found it on level 1 of the Dungeon)

   It has a curse which improves the following skills: Introspection: Fighting
   and Spellcasting.
   Devices:   Evocations and Shapeshifting.
 v - a +1 leather armour of poison resistance (worn)
Magical Staves
 u - a staff of earth
Jewellery
 d - a ring of protection from cold (left hand)
 q - an amulet of magic regeneration
Scrolls
 c - a scroll of fog
 e - a scroll of blinking
 f - 4 scrolls of identify
 k - 2 scrolls of vulnerability
 l - 2 scrolls of amnesia
 m - a scroll of brand weapon
 r - 2 scrolls of enchant weapon
 y - a scroll of fear
Potions
 b - 2 potions of magic
 h - a potion of mutation
 i - a potion of resistance
 n - a potion of invisibility
 o - 3 potions of curing
 s - a potion of might
 t - a potion of attraction
 w - a potion of haste
 x - a potion of heal wounds


   Skills:
 - Level 2.6(3.3) Fighting
 + Level 2.4(3.1) Dodging
 - Level 2.4(3.1) Stealth
 - Level 3.9(4.6) Spellcasting
 - Level 5.0(5.8) Conjurations
 - Level 5.3 Fire Magic


You had 11 spell levels left.
You knew the following spells:

 Your Spells              Type           Power      Damage    Failure   Level
a - Foxfire               Conj/Fire      100%       2x1d9     3%          1
b - Scorch                Fire           56%        2d7       5%          2

Your spell library contained the following spells:

 Spells                   Type           Power      Damage    Failure   Level
 Dazzling Flash           Conj/Hex       34%        N/A       30%         3
 Inner Flame              Hex/Fire       16%        N/A       32%         3
 Volatile Blastmotes      Fire/Tloc      32%        2d12      32%         3
 Flame Wave               Conj/Fire      29%        2d9       32%         4
 Call Imp                 Summ           10%        N/A       45%         2
 Sublimation of Blood     Necr           5%         N/A       45%         2
 Irradiate                Conj/Alch      9%         3d14      95%         5
 Starburst                Conj/Fire      14%        6d6       99%         6
 Summon Hydra             Summ           2%         N/A       100%        7
 Ignition                 Fire           14%        3d6       100%        8
 Maxwell's Capacitive Co  Air            2%         ∞         100%        8


Dungeon Overview and Level Annotations

Branches:
Dungeon (5/15)
 Temple: D:4-7

Altars:
Ashenzari
Hepliaklqana
Wu Jian

Shops:
D:1 (   D:3 (


Message History

Unknown command.
You hit the sleepcap but do no damage.
The sleepcap is moderately damaged.
The sleepcap releases spores at you.
* * * LOW HITPOINT WARNING * * *
You hit the sleepcap.
The sleepcap is moderately damaged.
The sleepcap releases spores at you!
* * * LOW HITPOINT WARNING * * *
The sleepcap closely misses you.
You climb upwards.
There is a stone staircase leading down here.
There is an open door here.
The sleepcap attacks as it pursues you! The sleepcap barely misses you.
There is an open door here.
The sleepcap attacks as it pursues you!
The sleepcap releases spores at you but does no damage.
The sleepcap attacks as it pursues you!
The sleepcap releases spores at you but does no damage.
The sleepcap attacks as it pursues you! The sleepcap misses you.
Casting: Foxfire (safe; 3% risk of failure)
Press: ? - help, Q - select action, (/) - cycle Dir - look around, f - activate You miscast Foxfire.
You are very lightly contaminated with residual magic.
Nothing appears to happen.
The sleepcap barely misses you.
Casting: Foxfire (safe; 3% risk of failure)
Press: ? - help, Q - select action, (/) - cycle Dir - look around, f - activate You conjure some foxfire!
The sleepcap releases spores at you.
* * * LOW HITPOINT WARNING * * *
You are engulfed in a cloud of soporific spores!
You fall asleep.
The foxfire hits the sleepcap but does no damage.
The sleepcap is moderately damaged.
The foxfire hits the sleepcap.
The sleepcap is heavily damaged.
The sleepcap releases spores at you!!
Ouch! That really hurt!
You die...

......#....#...# #...#
#######..#.#.### #####...#
.........#.#.############.....)..
########.#.#...........##.>......
.......................##........
.#######.#<#...........#######'##
.......).###................#...#
###.########..............8.'.⌠.+
................@f..........#...#
###.#########..........#######'##
#.# #..........##........ #.##
#..........##.<...... #..#
##########.##........ ##.####
#.######...# #....# #.#### #...#
####.# #....# #.<.# #.#####
#....# #...#


You could see a sleepcap.

Vanquished Creatures
  A black bear (D:4)
  An ogre (D:5)
  A scorpion (D:4)
  A jelly (D:5)
  2 hounds (D:4)
  A gnoll bouda (D:5)
  3 gnolls (D:5)
  An adder (D:4)
  2 dart slugs (D:2)
  2 ribbon worms (D:3)
  5 orcs (D:3)
  5 endoplasms
  4 giant cockroaches
  8 goblins
  7 hobgoblins
  3 jackals
  7 quokkas
  5 ball pythons
  6 bats
  5 frilled lizards
  8 kobolds
  3 rats
81 creatures vanquished.

Vanquished Creatures (others)
  147 foxfires
147 creatures vanquished.

Grand Total: 228 creatures vanquished

Notes
Turn   | Place    | Note
-------+----------+-------------------------------------------
     0 | D:1      | yokelz the Deep Elf Fire Elementalist began the quest for
                  | the Orb.
     0 | D:1      | Reached XP level 1. HP: 10/10 MP: 6/6
   275 | D:1      | Reached XP level 2. HP: 15/15 MP: 6/8
   303 | D:1      | Found a faded altar of an unknown god.
   316 | D:1      | Prayed at the altar of an unknown god.
   316 | D:1      | Became a worshipper of Ashenzari the Shackled
   372 | D:1      | Found Imymick's Antique Weapon Boutique.
   998 | D:2      | Reached XP level 3. HP: 14/19 MP: 8/10
  1089 | D:2      | Learned a level 2 spell: Scorch
  1286 | D:2      | Identified the +9 plate armour of Plasticity {Regen+ rCorr
                  | SInv}
  1313 | D:2      | Found a hazy altar of Hepliaklqana.
  2428 | D:3      | Reached XP level 4. HP: 24/24 MP: 8/11
  2468 | D:3      | Found Howim's Weapon Shoppe.
  2635 | D:3      | Found an ornate altar of the Wu Jian Council.
  2809 | D:4      | Reached * piety under Ashenzari
  2866 | D:4      | Noticed a black bear
  2909 | D:4      | Killed a black bear
  2910 | D:4      | Reached XP level 5. HP: 28/28 MP: 5/14
  3166 | D:4      | Reached skill level 5 in Fire Magic
  3166 | D:4      | Reached XP level 6. HP: 28/32 MP: 10/15
  3261 | D:4      | Reached skill level 5 in Conjurations
  3796 | D:5      | Entered Level 5 of the Dungeon
  3894 | D:5      | Reached skill level 1 in Fighting
  3947 | D:4      | Demolished by a sleepcap

Illustrated notes

Levels and vault maps discovered:
D:1:      dpeg_arrival_brainrot, layout_basic, basic_ecumenical_altar,
          serial_shops, shop, fountainhead, minmay_misc_feat_tower, minivault_24
D:2:      layout_basic, basic_altar
D:3:      layout_rooms, old_standard_altar, serial_shops, shop,
          minmay_misc_feat_rows
D:4:      minmay_angry_zag, layout_basic, nicolae_elevator_lobby_plus
D:5:      nicolae_BIG_FREAKIN_CUBE, layout_gridville, temple_statues

Skill      XL: |  1  2  3  4  5  6 |
---------------+-------------------+-----
Conjurations   | 2 3 4 5 |  5.0
Fire Magic     | 4 5 |  5.3
Fighting       | 2 |  2.6
Dodging        | |  2.4
Stealth        | |  2.4
Spellcasting   | |  3.9

Action                     |  1- 3 |  4- 6 || total
---------------------------+-------+-------++-------
  Melee: Dagger            |    40 |    41 ||    81
   Cast: Foxfire           |    57 |    27 ||    84
         Scorch            |     5 |    15 ||    20
 Invoke: Curse Item        |     1 |     1 ||     2
   Stab: Sleeping          |     3 |     1 ||     4
 Armour: Robe              |    22 |       ||    22
         Leather armour    |       |    30 ||    30
  Dodge: Dodged            |    18 |    23 ||    41
  Block: Buckler           |     4 |     4 ||     8

Table legend: (Time is in decaauts)
 A = Elapsed time spent in this place.
 B = Non-inter-level travel time spent in this place.
 C = Inter-level travel time spent in this place.
 D = Time resting spent in this place.
 E = Time spent auto-exploring this place.
 F = Levels seen in this place.
 G = Mean time per level.
                   A        B        C        D        E       F      G
               +--------+--------+--------+--------+--------+-----+--------+
         Total |   3927 |   3802 |    125 |    454 |   2653 |   5 |  785.4 |
       Dungeon |   3927 |   3802 |    125 |    454 |   2653 |   5 |  785.4 |
               +--------+--------+--------+--------+--------+-----+--------+

Top non-repeatable levels by time:
     D:2: 1214 daAuts
     D:4: 1081 daAuts
     D:1: 825 daAuts
     D:3: 678 daAuts
     D:5: 128 daAuts
